Match 22749260
Unlisted

Match 22749260
End
Construct Barracks
Riflemen Squad
Selects Armored Battlegroup
Selects Veteran Crews
1⁄4-ton 4x4 Truck
Riflemen Squad
Grenade Package
Engineer Squad
Mechanized Support Center
Construct Medical Station
Selects Strength in Steel
Selects M31 Recovery Vehicle
Construct Motor Pool
M8 Greyhound Armored Car
Improvised Armor
Designate Forward Repair Station
Construct Tank Depot
M1 Anti-tank Gun Team
Selects M8 Scott SPG
Selects UNKNOWN (2160077)
Riflemen Squad
Riflemen Squad
M4A3E8 Sherman Easy Eight
Engineer Squad
Engineer Squad
Designate Forward Repair Station
Selects War Machine
M4A3E8 Sherman Easy Eight
Designate Forward Repair Station
M1918 Browning Automatic Rifles
Rapid Repairs
Rearm and Retrofit
M4A3E8 Sherman Easy Eight
Riflemen Squad
Riflemen Squad
Designate Forward Repair Station
M31 Recovery Vehicle
M4A3E8 Sherman Easy Eight
M4A3E8 Sherman Easy Eight
M4A3E8 Sherman Easy Eight
.Mercury-uK
Sandia
Moonkite
PRIVATE
Jonatanga
Eber
Brave Hamas
Pottatow
0
0

Comments sign in to comment!

No comments posted yet!